 Dungeon Crawl Stone Soup version 0.22-a0-580-gd5db89c (webtiles) character file.

21 iamserjio the Magician (level 2, -1/18 HPs)
             Began as an Octopode Wanderer on July 3, 2018.
             Slain by a hobgoblin
             ... wielding a +0 club
              (5 damage)
             ... on level 2 of the Dungeon.
             The game lasted 00:03:02 (1273 turns).

iamserjio the Magician (Octopode Wanderer)          Turns: 1273, Time: 00:03:02

Health: -1/18      AC:  1    Str: 11    XL:     2   Next: 87%
Magic:  6/6        EV: 13    Int: 16    God:
Gold:   113        SH:  0    Dex:  9    Spells: 7/7 levels left

rFire    . . .     SeeInvis .   b - +0 short sword
rCold    . . .     Gourm    .   (no shield)
rNeg     . . .     Faith    .   (helmet restricted)
rPois    .         Spirit   .   (no amulet)
rElec    .         Reflect  .   (no ring)
rCorr    .         Harm     .   (no ring)
MR       .....                  (no ring)
Stlth    ++........             (no ring)
HPRegen  0.06/turn              (no ring)
MPRegen  0.10/turn              (no ring)
                                (no ring)
                                (no ring)

@: lethally poisoned (-1 -> -7)
A: almost no armour, stealthy swim, amphibious, 8 rings, constrict 8, camouflage
1, gelatinous body 1
a: no special abilities


You were on level 2 of the Dungeon.
You were not hungry.

You visited 1 branch of the dungeon, and saw 2 of its levels.

You collected 113 gold pieces.

Inventory:

Hand Weapons
 b - a +0 short sword (weapon)
 d - a +0 club
Missiles
 e - 32 arrows
Armour
 a - a +0 large shield
Scrolls
 c - a scroll of blinking {unknown}
 g - 2 scrolls of enchant weapon {unknown}
Comestibles
 f - 4 rations


   Skills:
 + Level 0.9 Fighting
 * Level 1.6 Dodging
 + Level 1.5 Stealth
 - Level 1.0 Shields
 - Level 3.0 Spellcasting
   Level 1.0 Summonings
   Level 2.0 Air Magic
   Level 2.4 Poison Magic
   Level 1.1 Evocations


You had 7 spell levels left.
You didn't know any spells.
Your spell library contained the following spells:

 Spells                   Type           Power        Failure   Level  Hunger
 Magic Dart               Conj           #...         19%         1    #......
 Conjure Flame            Conj/Fire      #.......     50%         3    ###....
 Slow                     Hex            #.......     28%         2    ##.....
 Mephitic Cloud           Conj/Pois/Air  #.......     30%         3    ###....
 Blink                    Tloc           N/A          28%         2    ##.....
 Call Imp                 Summ           #.......     19%         2    ##.....
 Stone Arrow              Conj/Erth      #.....       50%         3    ###....
 Call Canine Familiar     Summ           #.......     36%         3    ###....
 Summon Butterflies       Summ           #.......     12%         1    #......
 Sandblast                Erth           #.....       19%         1    #......


Dungeon Overview and Level Annotations

Branches:
Dungeon (2/15)

Altars:
Vehumet


Innate Abilities, Weirdness & Mutations

You cannot wear most types of armour.
You are very stealthy in the water. (Stealth+)
You are amphibious.
You can wear up to eight rings at the same time.
You can use your tentacles to constrict eight enemies at once.
Your skin changes colour to match your surroundings (Stealth+).
Your rubbery body absorbs attacks. (AC +1, EV +1)


Message History

The adder barely misses you.
You closely miss the adder. Your grab misses the adder.
The adder is heavily wounded.
The adder barely misses you. The adder misses you.
You barely miss the adder. Your grab misses the adder.
Your squeeze misses the adder.
The adder is heavily wounded.
The adder bites you.
You are poisoned.
The adder poisons you!
You hit the adder. Your grab misses the adder. Your squeeze misses the adder.
The adder is almost dead.
You feel sick. The adder bites you.
* * * LOW HITPOINT WARNING * * *
A hobgoblin comes into view. It is wielding a club.
The adder bites you but does no damage.
You aren't carrying any potions.
* * * LOW HITPOINT WARNING * * *
You feel sick. The hobgoblin hits you with a club.
You die...

.......... #........# ..
.... #........# #.###
.... ####........+
....#..... ............#
... ..... . #.........+
.........
.##.........#.##.#......
.................g......
...<.......## #@#
...........# ###S# #..
...........###'#'#.....
#...............Sg.S....
........................
..#...#...........#.....
.###.###.........!+.....
..#...#..#........# #...
...._..........#..?. ...


You could see an adder, a hobgoblin, a goblin and a ball python.

Vanquished Creatures
  A dart slug (D:1)
  A leopard gecko (D:1)
  A ball python (D:1)
  2 giant cockroaches
  2 hobgoblins
  4 bats
  A frilled lizard (D:2)
  2 goblins (D:1)
  2 kobolds
  3 rats
19 creatures vanquished.

Notes
Turn   | Place    | Note
-------+----------+-------------------------------------------
     0 | D:1      | iamserjio the Octopode Wanderer began the quest for the Orb.
     0 | D:1      | iamserjio set off with: a +0 club, a ration
     0 | D:1      | Reached XP level 1. HP: 11/11 MP: 4/4
   398 | D:1      | Reached skill level 1 in Dodging
   481 | D:1      | Reached skill level 1 in Stealth
   481 | D:1      | Reached XP level 2. HP: 15/18 MP: 6/6
  1114 | D:2      | Found a radiant altar of Vehumet.
  1273 | D:2      | Slain by a hobgoblin

Vault maps used:
D:1:      lightli_arrival_quake
D:2:      vehumet_crystals, first_ration

Skill      XL: |  1 |
---------------+----+-----
Dodging        | 1 |  1.6
Stealth        | 1 |  1.5
Fighting       | |  0.9
Shields        | |  1.0
Spellcasting   | |  3.0
Summonings     | |  1.0
Air Magic      | |  2.0
Poison Magic   | |  2.4
Evocations     | |  1.1

Action                   || total
-------------------------++-------
Melee: Short sword       ||    44
       Club              ||     9
       Constrict         ||    12
       Tentacles         ||     8
 Stab: Sleeping          ||     3
  Eat: Chunk             ||     1
Armor: Skin              ||     5
Dodge: Dodged            ||    37

Table legend:
 A = Spawn XP
 B = Non-spawn XP
 C = Spawn XP percentage of total XP
 D = Spawn monster count
 E = Non-spawn monster count
 F = Spawn count percentage of total count
 G = Total turns spent on level
                    A         B        C        D         E        F      G
               +---------+---------+-------+---------+---------+-------+---------
         Total |       0 |      31 |   0.0 |       0 |      19 |   0.0 |  1273
               +---------+---------+-------+---------+---------+-------+---------
           D:1 |       0 |      23 |   0.0 |       0 |      13 |   0.0 |  1108
           D:2 |       0 |       8 |   0.0 |       0 |       6 |   0.0 |   165
               +---------+---------+-------+---------+---------+-------+---------
